 Dungeon Crawl Stone Soup version 0.30.1-3-gfc49f6343a (webtiles) character file.

Game seed: 18214709002412086486

68 KyoPewz the Cudgeller (level 4, 0/44 HPs)
             Began as an Ogre Gladiator on July 30, 2023.
             Slain by an iguana (11 damage)
             ... on level 2 of the Dungeon.
             The game lasted 00:02:51 (1465 turns).

KyoPewz the Cudgeller (Ogre Gladiator)              Turns: 1465, Time: 00:02:52

Health: 0/44       AC:  3    Str: 20    XL:     4   Next: 19%
Magic:  4/4        EV: 10    Int:  9    God:
Gold:   115        SH:  0    Dex: 10    Spells: 3/3 levels left

rFire   . . .        i - +1 short sword (vamp)
rCold   . . .        (no shield)
rNeg    . . .        b - +0 robe
rPois   .            c - +0 hat
rElec   .            (no cloak)
rCorr   .            (gloves unavailable)
SInv    .            (boots unavailable)
Will    .....        (no amulet)
Stlth   +            (no ring)
HPRegen 0.27/turn    (no ring)
MPRegen 0.09/turn

%: no passive effects
@: no status effects
A: large, unfitting armour, tough skin 1
a: no special abilities


You were on level 2 of the Dungeon.
You visited 1 branch of the dungeon, and saw 4 of its levels.

You collected 115 gold pieces.

Inventory:

Hand Weapons
 a - a +0 flail
 i - a +1 vampiric short sword (weapon)
 l - a +2 dagger of venom
Missiles
 d - 3 throwing nets
 h - a poisoned dart
 j - 21 stones (quivered)
Armour
 b - a +0 robe (worn)
 c - a +0 hat (worn)
Scrolls
 f - 2 scrolls of blinking {unknown}
 g - 2 scrolls of enchant armour {unknown}
 k - 2 scrolls of teleportation {unknown}
 m - 2 scrolls of identify {unknown}
 n - a scroll of fog {unknown}
 p - a scroll of enchant weapon {unknown}
Potions
 o - a potion of brilliance {unknown}
 q - 2 potions of mutation {unknown}


   Skills:
 - Level 2.6 Fighting
 * Level 4.0 Maces & Flails
 + Level 2.9 Throwing
 - Level 2.6 Dodging


You had 3 spell levels left.
You didn't know any spells.
Your spell library was empty.

Dungeon Overview and Level Annotations

Branches:
Dungeon (4/15)
 Temple: D:4-7

Altars:


Innate Abilities, Weirdness & Mutations

You are too large for most types of armour.
You have tough skin. (AC +1)


Message History

The iguana is heavily wounded.
The iguana closely misses you.
You hit the iguana.
You feel better.
The iguana is heavily wounded.
The iguana bites you.
You take 5 damage, and have 25/44 hp.
You hit the iguana.
You feel better.
The iguana is heavily wounded.
The iguana bites you.
You take 4 damage, and have 21/44 hp.
You hit the iguana but do no damage.
The iguana is heavily wounded.
The iguana bites you.
You take 3 damage, and have 18/44 hp.
You hit the iguana but do no damage.
The iguana is heavily wounded.
The iguana bites you but does no damage.
You barely miss the iguana.
The iguana is heavily wounded.
The iguana bites you.
You take 4 damage, and have 14/44 hp.
Throw: 2 darts (poison)
Press: ? - help, Shift-Dir - straight line, f - iguana
Aim: an iguana (heavily wounded, 61% to hit)
You throw a poisoned dart. The poisoned dart hits the iguana.
The iguana is poisoned.
The iguana is heavily wounded.
The iguana bites you but does no damage.
You hit the iguana.
The iguana is severely wounded.
The iguana misses you.
You barely miss the iguana.
The iguana is severely wounded.
The iguana bites you.
* * * LOW HITPOINT WARNING * * *
You take 5 damage, and have 10/44 hp.
You hit the iguana.
You feel better.
The iguana is almost dead.
The iguana bites you!
You die...

########### #.....#...#
#@###.#.#.# ######
######l#.....#.# #....#
##....#B#######.# #....#
#>.....o..[...#.# #....#
#...#.##........######## #....#
#.....[.................
#....#####.#.###...#.#....#####
#....'.....#...........##.#
#....############..<.####.# ###


You could see an iguana (poisoned), an orc and a giant cockroach.

Vanquished Creatures
  Ijyb (D:3)
  2 dart slugs (D:1)
  4 ball pythons
  5 bats
  5 endoplasms
  4 giant cockroaches
  4 goblins (D:1)
  5 hobgoblins
  4 kobolds
  A frilled lizard (D:1)
  2 rats
37 creatures vanquished.

Notes
Turn   | Place    | Note
-------+----------+-------------------------------------------
     0 | D:1      | KyoPewz the Ogre Gladiator began the quest for the Orb.
     0 | D:1      | Reached XP level 1. HP: 22/22 MP: 1/1
    64 | D:1      | Reached skill level 3 in Maces & Flails
   102 | D:1      | Reached XP level 2. HP: 22/29 MP: 2/2
   184 | D:1      | Found a faded altar of an unknown god.
   355 | D:1      | Reached XP level 3. HP: 24/36 MP: 3/3
   697 | D:2      | You fall into a shaft and drop 2 floors!
  1286 | D:3      | Noticed Ijyb
  1297 | D:3      | Killed Ijyb
  1298 | D:3      | Reached skill level 4 in Maces & Flails
  1298 | D:3      | Reached XP level 4. HP: 18/44 MP: 4/4
  1465 | D:2      | Slain by an iguana

Illustrated notes

Levels and vault maps discovered:
D:1:      dpeg_arrival_pond, layout_basic, shapermc_ecumenical_altar_pompeii
D:2:      layout_basic
D:3:      layout_loops_cross, mainiacjoe_overflow_small_starburst, uniq_ijyb
D:4:      layout_basic, minmay_temple_entry_poolview, dk_noncrumbling_3,
          minmay_misc_feat_four_crosses

Skill      XL: |  1  2  3 |
---------------+----------+-----
Maces & Flails | 3 4 |  4.0
Fighting       | |  2.6
Throwing       | |  2.9
Dodging        | |  2.6

Action                     |  1- 3 |  4- 6 || total
---------------------------+-------+-------++-------
  Melee: Flail             |    59 |       ||    59
         Short sword       |    69 |    16 ||    85
         Punch             |       |     1 ||     1
  Throw: Large rock        |     1 |       ||     1
         Dart              |       |     1 ||     1
   Stab: Sleeping          |     1 |       ||     1
 Armour: Robe              |    45 |     6 ||    51
  Dodge: Dodged            |    65 |    16 ||    81
